 Dungeon Sprint DCSS version 0.26-a0-720-g2a1d101370 (webtiles) character file.

Game seed: 13446255455708990094

15494 mhtbhm the Phalangite (level 12, -3/114 HPs)
             Began as a Merfolk Berserker on Nov 2, 2020.
             Was the Champion of Trog.
             Killed from afar by Erica (16 damage)
             ... with a lance of force
             ... in the Dungeon (Sprint IX: "|||||||||||||||||||||||||||||").
             The game lasted 00:03:50 (2269 turns).

mhtbhm the Phalangite (Merfolk Berserker)           Turns: 2269, Time: 00:03:51

Health: -3/114     AC:  0    Str: 22    XL:     12   Next: 27%
Magic:  12/12      EV: 29    Int:  7    God:    Trog [******]
Gold:   249        SH:  0    Dex: 18    Spells: 11/11 levels left

rFire    . . .     SeeInvis .   (weapon currently unavailable)
rCold    . . .     Faith    .   (shield currently unavailable)
rNeg     . . .     Spirit   .   (armour currently unavailable)
rPois    .         Reflect  .   (helmet currently unavailable)
rElec    .         Harm     .   (cloak currently unavailable)
rCorr    .         Rampage  .   (gloves currently unavailable)
MR       .....     NoTele   +   (boots currently unavailable)
Stlth    ++........             (no amulet)
HPRegen  0.29/turn              (ring currently unavailable)
MPRegen  0.13/turn              (ring currently unavailable)

@: lethally poisoned (-3 -> -17), bat-form, flying, very quick
A: tiny, (change form in water), (swift swim), (stealthy swim)
a: Berserk, Trog's Hand, Brothers in Arms, Renounce Religion


You were in the Dungeon.
You worshipped Trog.
Trog was exalted by your worship.
You were in bat-form.
You visited 1 branch You collected 1910 gold pieces.
You spent 1661 gold pieces at shops.

Inventory:

Hand Weapons
 a - a +4 bardiche of flaming (melded)
Armour
 b - a +1 chain mail (melded)
 l - a +0 pair of gloves (melded)
 q - a +0 pair of boots (melded)
 r - a +0 helmet (melded)
Jewellery
 m - a +2 ring of protection (melded)
 n - a +3 ring of dexterity (melded)
Wands
 k - a wand of acid (17)
 x - a wand of enslavement (10)
Scrolls
 h - 2 scrolls of blinking
 j - 4 scrolls of remove curse
 o - 5 scrolls of enchant weapon
 p - 4 scrolls of identify
 s - a scroll of enchant armour
 t - a scroll of magic mapping
 w - a scroll of fog
Potions
 c - 12 potions of curing
 d - 7 potions of heal wounds
 e - a potion of haste
 f - 4 potions of magic
 g - a potion of berserk rage
 i - 3 potions of invisibility
 v - a potion of resistance
Miscellaneous
 u - a lightning rod (4/4)


   Skills:
 + Level 17.2 Fighting
 + Level 26.0 Polearms
 + Level 10.9 Armour
 + Level 9.4 Dodging
 + Level 2.0 Stealth
 + Level 1.9 Evocations


You had 11 spell levels left.
You didn't know any spells.
Your spell library was empty.

Dungeon Overview and Level Annotations

Branches:
Dungeon (1/1)

Altars:
Cheibriados
Dithmenos
Elyvilon
Fedhas
Gozag
Hepliaklqana
Kikubaaqudgha
Makhleb
Nemelex Xobeh
Okawaru
Qazlal
Ru
Sif Muna
Trog
Uskayaw
Vehumet
Wu Jian
Xom
Yredelemnul
Zin
The Shining One
Beogh
Jiyva
Lugonu

Shops:
D :?}!

Annotations:
D Erica


Message History

You are more poisoned.
You hit something.
You feel sick. Something closely misses you.
You miss something.
You feel sick.
You hear some strange, mumbled words.
A lance of force appears from out of thin air!
The lance of force hits you!
* * * LOW HITPOINT WARNING * * *
You are knocked back by the lance of force.
* * * LOW HITPOINT WARNING * * *
You feel sick.
* * * LOW HITPOINT WARNING * * *
You feel sick.
* * * LOW HITPOINT WARNING * * *
You feel sick.
* * * LOW HITPOINT WARNING * * *
You feel sick.
You hear some strange, mumbled words.
A lance of force appears from out of thin air!
The lance of force hits you!
You die...

.................................
▓▓▓▓▓▓▓▓▓▓▓▓▓▓▓▓▓▓▓▓▓▓▓▓▓▓▓▓▓▓▓▓▓
..†).......††)........÷......)).!
▓▓▓▓▓▓▓▓▓▓▓▓▓▓▓▓▓▓▓▓▓▓▓▓▓▓▓▓▓▓▓▓▓
.................................
▓▓▓▓▓▓▓▓▓▓▓▓▓▓▓▓▓▓▓▓▓▓▓▓▓▓▓▓▓▓▓▓▓
...[).......))))))....))...))))).
▓▓▓▓▓▓▓▓▓▓▓▓▓▓▓▓▓▓▓▓▓▓▓▓▓▓▓▓▓▓▓▓▓
................b{........
▓▓▓▓▓▓▓▓▓▓▓▓▓▓▓▓▓▓▓▓▓▓▓▓▓▓


There were no monsters in sight!

Vanquished Creatures
  An ettin (D)
  Erolcha (D)
  A hydra (D)
  4 ogre magi (D)
  A death yak (D)
  6 deep trolls (D)
  A black mamba (D)
  6 cane toads (D)
  3 trolls (D)
  2 tyrant leeches (D)
  4 blink frogs (D)
  A wyvern (D)
  A wraith (D)
  2 vampire mosquitoes (D)
  A soldier ant (D)
  4 water moccasins (D)
  11 orc warriors (D)
  An ogre (D)
  5 bullfrogs (D)
  3 orc wizards (D)
  4 orc priests (D)
  An iguana (D)
  A gnoll (D)
  3 adders (D)
  2 oozes (D)
  A leopard gecko (D)
  8 orcs (D)
  A bat skeleton (D)
  A jackal (D)
  A frilled lizard (D)
  A kobold (D)
  A rat (D)
84 creatures vanquished.

Vanquished Creatures (collateral kills)
  A komodo dragon (D)
  A troll (D)
  A bullfrog (D)
3 creatures vanquished.

Grand Total: 87 creatures vanquished

Notes
Turn   | Place    | Note
-------+----------+-------------------------------------------
     0 | D        | mhtbhm the Merfolk Berserker began the quest for the Orb.
     0 | D        | Reached XP level 1. HP: 18/18 MP: 1/1
    10 | D        | Reached skill level 5 in Polearms
    13 | D        | Reached ** piety under Trog
    15 | D        | Reached XP level 2. HP: 16/25 MP: 2/2
   151 | D        | Noticed an ogre
   154 | D        | Reached skill level 6 in Polearms
   155 | D        | Reached *** piety under Trog
   155 | D        | Reached skill level 5 in Fighting
   155 | D        | Reached skill level 7 in Polearms
   155 | D        | Reached XP level 3. HP: 33/33 MP: 3/3
   160 | D        | Reached skill level 8 in Polearms
   160 | D        | Reached XP level 4. HP: 40/40 MP: 4/4
   165 | D        | Killed an ogre
   165 | D        | Reached skill level 10 in Polearms
   165 | D        | Reached skill level 5 in Dodging
   165 | D        | Reached XP level 5. HP: 48/48 MP: 5/5
   171 | D        | Found a roughly hewn altar of Beogh.
   171 | D        | Found a snail-covered altar of Cheibriados.
   171 | D        | Found a shadowy altar of Dithmenos.
   171 | D        | Found a white marble altar of Elyvilon.
   171 | D        | Found a blossoming altar of Fedhas.
   171 | D        | Found an opulent altar of Gozag.
   172 | D        | Found a hazy altar of Hepliaklqana.
   173 | D        | Found a viscous altar of Jiyva.
   174 | D        | Found an ancient bone altar of Kikubaaqudgha.
   175 | D        | Found a corrupted altar of Lugonu.
   176 | D        | Found a burning altar of Makhleb.
   177 | D        | Found a sparkling altar of Nemelex Xobeh.
   178 | D        | Found an iron altar of Okawaru.
   179 | D        | Found a stormy altar of Qazlal.
   180 | D        | Found a sacrificial altar of Ru.
   181 | D        | Found a shimmering blue altar of Sif Muna.
   182 | D        | Found a bloodstained altar of Trog.
   183 | D        | Found a hide-covered altar of Uskayaw.
   184 | D        | Found a radiant altar of Vehumet.
   185 | D        | Found an ornate altar of the Wu Jian Council.
   186 | D        | Found a shimmering altar of Xom.
   187 | D        | Found a basalt altar of Yredelemnul.
   188 | D        | Found a glowing silver altar of Zin.
   189 | D        | Found a glowing golden altar of the Shining One.
   238 | D        | Noticed a troll
   238 | D        | Noticed a wraith
   244 | D        | Killed a wraith
   244 | D        | Reached **** piety under Trog
   244 | D        | Reached skill level 12 in Polearms
   244 | D        | Reached XP level 6. HP: 58/58 MP: 6/6
   253 | D        | Killed a troll
   253 | D        | Reached skill level 10 in Fighting
   253 | D        | Reached skill level 13 in Polearms
   253 | D        | Reached XP level 7. HP: 53/67 MP: 7/7
   255 | D        | Reached ***** piety under Trog
   255 | D        | Reached skill level 14 in Polearms
   392 | D        | Noticed a soldier ant
   392 | D        | Noticed a komodo dragon
   392 | D        | Noticed a four-headed hydra
   392 | D        | Noticed a troll
   401 | D        | HP: 1/100 [eight-headed hydra (6)]
   402 | D        | Killed a nine-headed hydra
   402 | D        | Reached skill level 15 in Polearms
   402 | D        | Reached skill level 5 in Armour
   402 | D        | Reached XP level 8. HP: 2/76 MP: 8/8
   410 | D        | Killed a troll
   410 | D        | Reached skill level 16 in Polearms
   411 | D        | Killed a komodo dragon
   845 | D        | Received a gift from Trog
  1071 | D        | Noticed a blink frog
  1071 | D        | Noticed a cane toad
  1071 | D        | Noticed a black mamba
  1071 | D        | Noticed a cane toad
  1074 | D        | Killed a cane toad
  1074 | D        | Reached skill level 17 in Polearms
  1074 | D        | Reached XP level 9. HP: 84/84 MP: 9/9
  1077 | D        | Noticed a death yak
  1079 | D        | Killed a black mamba
  1079 | D        | Reached skill level 1 in Evocations
  1090 | D        | Killed a death yak
  1090 | D        | Reached skill level 18 in Polearms
  1094 | D        | Killed a cane toad
  1094 | D        | Reached XP level 10. HP: 40/92 MP: 10/10
  1102 | D        | Reached skill level 19 in Polearms
  1397 | D        | Noticed a cane toad
  1397 | D        | Noticed a cane toad
  1397 | D        | Noticed a cane toad
  1397 | D        | Noticed a cane toad
  1400 | D        | Killed a cane toad
  1400 | D        | Received a gift from Trog
  1403 | D        | Killed a cane toad
  1406 | D        | Killed a cane toad
  1407 | D        | Killed a cane toad
  1409 | D        | Reached skill level 1 in Stealth
  1410 | D        | Reached skill level 20 in Polearms
  1419 | D        | Reached ****** piety under Trog
  1423 | D        | Reached skill level 10 in Armour
  1584 | D        | Received a gift from Trog
  1609 | D        | Reached skill level 21 in Polearms
  1609 | D        | Reached XP level 11. HP: 78/101 MP: 11/11
  1786 | D        | Received a gift from Trog
  1798 | D        | Received a gift from Trog
  1867 | D        | Received a gift from Trog
  1875 | D        | Reached skill level 15 in Fighting
  1887 | D        | Received a gift from Trog
  1887 | D        | Reached skill level 22 in Polearms
  1923 | D        | Found Budujeemp's Distillery.
  1923 | D        | Noticed an ogre mage
  1923 | D        | Noticed an ettin
  1923 | D        | Noticed a deep troll
  1923 | D        | Noticed a deep troll
  1928 | D        | Killed a deep troll
  1928 | D        | Noticed a deep troll
  1935 | D        | Killed an ettin
  1935 | D        | Reached skill level 23 in Polearms
  1937 | D        | Killed an ogre mage
  1940 | D        | Killed a deep troll
  1942 | D        | Killed a deep troll
  1942 | D        | Received a gift from Trog
  1942 | D        | Reached skill level 24 in Polearms
  2056 | D        | Found Ytibrute's Gadget Shop.
  2060 | D        | Found Ruohem's Magic Scroll Boutique.
  2062 | D        | Noticed an ogre mage
  2063 | D        | Found Pemezaus's Book Shop.
  2063 | D        | Noticed a deep troll
  2064 | D        | Noticed an ogre mage
  2065 | D        | Noticed a deep troll
  2065 | D        | Noticed a deep troll
  2069 | D        | Noticed an ogre mage
  2071 | D        | Killed an ogre mage
  2075 | D        | Killed a deep troll
  2085 | D        | Killed an ogre mage
  2085 | D        | Reached XP level 12. HP: 113/113 MP: 12/12
  2087 | D        | Reached skill level 25 in Polearms
  2089 | D        | Received a gift from Trog
  2090 | D        | Killed an ogre mage
  2130 | D        | Bought a scroll of enchant weapon for 90 gold pieces
  2130 | D        | Bought a scroll of enchant armour for 90 gold pieces
  2130 | D        | Bought a scroll of magic mapping for 42 gold pieces
  2132 | D        | Bought a lightning rod (4/4) for 520 gold pieces
  2134 | D        | Bought a potion of invisibility for 104 gold pieces
  2134 | D        | Bought a potion of curing for 39 gold pieces
  2134 | D        | Bought a potion of curing for 39 gold pieces
  2134 | D        | Bought 2 potions of curing for 78 gold pieces
  2134 | D        | Bought a potion of resistance for 130 gold pieces
  2134 | D        | Bought a potion of invisibility for 104 gold pieces
  2134 | D        | Bought a potion of curing for 39 gold pieces
  2140 | D        | Bought a wand of acid (9) for 338 gold pieces
  2142 | D        | Bought a scroll of identify for 24 gold pieces
  2142 | D        | Bought a scroll of fog for 24 gold pieces
  2189 | D        | Noticed Erolcha
  2194 | D        | Killed Erolcha
  2194 | D        | Reached skill level 26 in Polearms
  2232 | D        | Noticed Erica
  2269 | D        | Killed from afar by Erica

Illustrated notes

Levels and vault maps discovered:
D:        linesprint [early_d, line_temple, items_1, d_10, items_2, lair_1,
          lair_end, items_3, orc_1, orc_end, items_4, d_15, swamp_1, shoals_1,
          snake_1, spider_1, d_20, vaults_1, items_5, swamp_end, shoals_end,
          snake_end, spider_end, vaults_end, d_27, items_6, zot_1, zot_end,
          crypt_end, forest_end, elf_end, slime_end, tomb_end, abyss_end,
          pan_hell_end]

Skill      XL: |  1  2  3  4  5  6  7  8  9 10 11 12 |
---------------+-------------------------------------+-----
Fighting       | 4 5 6 7 9 10 11 12 13 14 16 17 | 17.2
Polearms       | 5 7 8 10 12 13 15 17 18 21 24 26 | 26.0
Dodging        | 3 4 5 6 7 8 9 |  9.4
Armour         | 2 3 5 6 8 10 | 10.9
Evocations     | 1 |  1.9
Stealth        | 1 2 |  2.0

Action                   |  1- 3 |  4- 6 |  7- 9 | 10-12 || total
-------------------------+-------+-------+-------+-------++-------
Melee: Spear             |    20 |     5 |       |       ||    25
       Halberd           |       |    14 |    15 |       ||    29
       Bardiche          |       |       |    22 |   157 ||   179
       Unarmed           |       |       |       |    20 ||    20
Invok: Berserk           |     1 |     1 |     2 |     5 ||     9
       Brothers in Arms  |       |       |     1 |       ||     1
Evoke: Wand              |       |       |     2 |       ||     2
Armor: Animal skin       |     3 |       |       |       ||     3
       Chain mail        |       |     2 |    23 |    26 ||    51
Dodge: Dodged            |     2 |     8 |    15 |    52 ||    77

Table legend: (Time is in decaauts)
 A = Elapsed time spent in this place.
 B = Non-inter-level travel time spent in this place.
 C = Inter-level travel time spent in this place.
 D = Time resting spent in this place.
 E = Time spent auto-exploring this place.
 F = Levels seen in this place.
 G = Mean time per level.
                   A        B        C        D        E       F      G
               +--------+--------+--------+--------+--------+-----+--------+
         Total |   2311 |   2311 |      0 |   1367 |    245 |   1 | 2311.0 |
       Dungeon |   2311 |   2311 |      0 |   1367 |    245 |   1 | 2311.0 |
               +--------+--------+--------+--------+--------+-----+--------+

Top non-repeatable levels by time:
       D: 2311 daAuts
